Map: Lightshade LE

Players

PiLiPiLi - Winner!

  • Race: Protoss Protoss

Namshar

  • Race: Zerg Zerg

Event: DreamHack SC2 Masters 2021 Fall

VOD

Have the link to the VOD?

Description

Time

  • Played on: Aug. 8, 2021, 4:27 p.m.
  • Length: 12:02

All games in this series

Show
View Real Time Build Order
Export as new Build Order

PiLiPiLi Protoss - Winner!

Build Orders: 1 Gate Expand 

Get SALT Encoding   

  12  0:00  Probe  
  13  0:12  Probe  
  14  0:20  Pylon  
  14  0:24  Probe  
  15  0:29  Assimilator  
  15  0:38  Probe (Chrono Boost)  
  16  0:47  Gateway  
  16  0:48  Probe (Chrono Boost)  
  17  0:53  Probe (Chrono Boost)  
  18  1:04  Probe  
  19  1:16  Probe  
  20  1:24  Nexus  
  20  1:35  Cybernetics Core  
  20  1:37  Probe  
  21  1:42  Assimilator  
  21  1:49  Probe  
  21  1:53  Pylon  
  22  2:01  Probe  
  23  2:08  Stalker (Chrono Boost)  
  23  2:13  Probe  
  26  2:18  Stargate  
  26  2:22  Warp Gate  
  26  2:26  Probe  
  27  2:31  Adept  
  27  2:36  Probe  
  30  2:38  Probe  
  31  2:48  Probe  
  31  2:50  Probe  
  33  2:51  Gateway  
  33  3:00  Probe (Chrono Boost)  
  35  3:08  Probe (Chrono Boost)  
  35  3:11  Probe (Chrono Boost)  
  35  3:12  Fleet Beacon  
  36  3:16  Probe x2 (Chrono Boost)  
  38  3:20  Assimilator  
  38  3:24  Assimilator  
  38  3:27  Probe x2  
  40  3:31  Pylon  
  40  3:37  Stargate  
  40  3:39  Probe  
  40  3:41  Probe  
  42  3:51  Probe  
  42  3:53  Shield Battery, Probe  
  44  3:56  Tempest (Chrono Boost)  
  49  4:03  Probe  
  49  4:05  Probe  
  51  4:13  Pylon  
  51  4:15  Pylon, Probe  
  52  4:17  Probe  
  53  4:28  Tempest (Chrono Boost)  
  53  4:32  Tempest (Chrono Boost)  
  63  4:40  Probe  
  63  4:41  Pylon  
  63  4:44  Probe  
  65  4:52  Probe  
  66  4:55  Pylon  
  71  5:08  Zealot x2  
  71  5:09  Tempest (Chrono Boost)  
  80  5:16  Tempest (Chrono Boost)  
  80  5:17  Probe x2  
  82  5:25  Pylon  
  82  5:32  Pylon  
  82  5:40  Protoss Air Weapons Level 1, Probe x2  
  84  5:43  Void Ray (Chrono Boost)  
  84  5:49  Nexus, Void Ray  
  88  5:52  Shield Battery  
  92  5:57  Probe  
  92  5:59  Probe  
  94  6:09  Probe  
  94  6:11  Probe  
  96  6:13  Forge  
  96  6:16  Void Ray  
  96  6:23  Unknown  
  100  6:27  Probe  
  101  6:37  Pylon, Probe  
  101  6:39  Assimilator  
  102  6:44  Assimilator  
  102  6:49  Void Ray (Chrono Boost)  
  102  6:53  Gateway, Void Ray (Chrono Boost)  
  102  6:55  Probe x2  
  107  7:02  Probe  
  107  7:07  Probe x2  
  110  7:14  Probe  
  111  7:19  Probe x2  
  111  7:21  Gateway  
  111  7:22  Void Ray (Chrono Boost)  
  113  7:24  Void Ray (Chrono Boost)  
  113  7:26  Probe  
  117  7:39  Zealot  
  117  7:40  Zealot  
  117  7:43  Gateway, Void Ray  
  121  7:48  Gateway  
  121  7:52  Protoss Ground Weapons Level 1  
  121  7:53  Pylon  
  121  7:55  Pylon  
  125  8:02  Flux Vanes  
  125  8:03  Void Ray  
  125  8:05  Protoss Air Weapons Level 2 (Chrono Boost)  
  125  8:11  Void Ray  
  129  8:17  Pylon, Zealot x4  
  129  8:19  Pylon  
  132  8:25  Robotics Facility  
  136  8:31  Twilight Council  
  136  8:32  Pylon  
  136  8:33  Pylon  
  136  8:35  Photon Cannon  
  136  8:40  Void Ray  
  136  8:47  Void Ray  
  110  9:15  Charge (Chrono Boost)  
  106  9:17  Void Ray, Immortal (Chrono Boost)  
  106  9:19  Zealot x3  
  106  9:20  Zealot x3  
  106  9:22  Pylon  
  126  9:24  Void Ray  
  130  9:35  Nexus  
  130  9:41  Templar Archives  
  130  9:42  Pylon  
  130  9:45  Photon Cannon  
  130  9:54  Void Ray  
  130  10:02  Void Ray  
  138  10:15  Probe  
  138  10:16  Probe  
  138  10:19  Probe  
  137  10:23  Zealot  
  137  10:24  Zealot x5  
  137  10:27  Probe  
  148  10:34  Void Ray (Chrono Boost)  
  144  10:39  Void Ray (Chrono Boost)  
  143  10:49  Zealot x6, Immortal (Chrono Boost)  
  158  10:58  Photon Cannon  
  156  11:07  Photon Cannon  
  156  11:08  Void Ray (Chrono Boost)  
  156  11:09  Shield Battery  
  158  11:16  Stalker x4  
  150  11:41  Stalker  
  150  11:42  Stalker x5  
  142  11:56  Assimilator  
Show
View Real Time Build Order
Export as new Build Order

Namshar Zerg 

Build Orders: Hatch First 

Get SALT Encoding   

  12  0:00  Drone  
  13  0:11  Overlord  
  13  0:16  Drone  
  14  0:30  Drone x2  
  16  0:47  Hatchery  
  15  0:50  Drone  
  15  0:54  Drone  
  17  0:57  Drone  
  18  1:08  Extractor  
  17  1:12  Spawning Pool  
  17  1:15  Drone  
  17  1:19  Drone  
  18  1:28  Drone  
  19  1:38  Drone  
  20  1:45  Hatchery  
  19  1:49  Drone  
  20  1:59  Drone x2  
  22  2:03  Queen  
  24  2:12  Queen  
  26  2:18  Overlord  
  26  2:21  Drone  
  27  2:23  Drone  
  28  2:30  Metabolic Boost  
  28  2:36  Drone  
  28  2:37  Drone  
  30  2:38  Overlord  
  30  2:44  Drone  
  30  2:45  Drone  
  32  2:54  Overlord  
  32  2:56  Queen  
  32  2:57  Drone  
  35  2:59  Drone  
  36  3:06  Queen  
  36  3:10  Overlord  
  36  3:12  Drone  
  39  3:13  Drone  
  39  3:16  Drone  
  39  3:17  Drone  
  42  3:21  Drone  
  42  3:22  Drone  
  42  3:23  Drone  
  42  3:25  Drone  
  46  3:28  Spore Crawler  
  46  3:32  Spore Crawler  
  44  3:35  Drone x2  
  44  3:37  Spore Crawler  
  44  3:40  Drone  
  44  3:41  Drone  
  47  3:48  Overlord  
  47  3:49  Drone x2  
  47  3:50  Zergling x4  
  47  3:53  Drone  
  47  3:54  Drone  
  53  3:57  Overlord  
  53  3:58  Drone  
  53  4:01  Drone  
  53  4:02  Drone  
  56  4:03  Drone  
  56  4:06  Drone  
  56  4:07  Drone  
  59  4:10  Drone  
  60  4:17  Extractor  
  60  4:18  Extractor, Drone x3  
  60  4:19  Drone x4  
  60  4:22  Zergling x2  
  66  4:24  Roach Warren  
  66  4:28  Queen  
  67  4:44  Queen, Lair  
  69  4:48  Extractor  
  68  4:53  Overlord x3  
  68  5:01  Overlord  
  68  5:04  Queen  
  70  5:11  Drone x3  
  70  5:12  Drone, Roach x3  
  70  5:13  Roach x3  
  86  5:17  Drone x2  
  86  5:18  Drone  
  86  5:19  Queen  
  86  5:21  Evolution Chamber  
  90  5:24  Drone x2  
  90  5:25  Overlord x2  
  90  5:26  Drone  
  90  5:27  Drone x2  
  94  5:33  Drone x3  
  94  5:34  Extractor  
  94  5:35  Extractor  
  95  5:41  Spire  
  95  5:42  Queen  
  96  5:43  Drone x3  
  96  5:49  Drone x5  
  104  5:54  Hatchery  
  103  5:58  Queen  
  105  6:11  Drone  
  106  6:21  Queen x2  
  108  6:27  Zerg Missile Weapons Level 1, Glial Reconstitution  
  106  6:34  Drone x8  
  114  6:55  Corruptor x3  
  114  6:57  Queen  
  114  6:58  Extractor  
  114  7:00  Extractor, Corruptor  
  120  7:05  Corruptor  
  120  7:09  Hatchery  
  120  7:14  Corruptor x2  
  121  7:20  Corruptor  
  117  7:32  Hatchery  
  117  7:37  Roach x3  
  121  7:50  Overlord  
  121  7:51  Overlord x3  
  121  7:55  Zerg Flyer Weapons Level 1  
  121  7:58  Hatchery  
  121  8:01  Drone  
  121  8:08  Queen  
  121  8:13  Corruptor  
  121  8:14  Corruptor x8  
  137  8:22  Corruptor x3  
  137  8:23  Corruptor  
  144  8:29  Roach x3  
  150  8:38  Roach  
  150  8:39  Extractor  
  150  8:40  Overlord x4  
  151  8:42  Ravager  
  151  8:46  Roach x3  
  158  8:54  Roach  
  158  8:55  Roach x2  
  147  9:05  Roach x4  
  151  9:15  Corruptor x4  
  151  9:18  Hatchery  
  151  9:22  Corruptor  
  152  9:24  Drone  
  152  9:25  Drone x3  
  152  9:26  Drone x5  
  161  9:33  Corruptor  
  161  9:34  Corruptor  
  165  9:40  Extractor  
  165  9:42  Extractor  
  165  9:43  Corruptor x2  
  167  9:53  Corruptor  
  169  10:03  Hatchery  
  168  10:10  Corruptor x3  
  172  10:20  Corruptor x2  
  156  10:31  Drone  
  156  10:32  Drone x8  
  155  10:38  Corruptor x4  
  147  10:51  Queen x3  
  145  11:00  Roach x5  
  155  11:06  Roach x4  
  157  11:13  Corruptor  
  157  11:14  Corruptor  
  155  11:21  Roach x6  

Tags
 
Add a new tag
Caveats
  • Supply blocks, unpowered buildings, or Contaminate may cause inaccurate times.
  • Supply counts are checked every 10 seconds.